 Dungeon Crawl Stone Soup version 0.30.1-9-gdf580d7c3d (webtiles) character file.

Game seed: 11785079751132112756

86 jtron the Charlatan (level 4, -4/38 HPs)
             Began as a Gnoll Wanderer on Oct 2, 2023.
             Slain by Crazy Yiuf
             ... wielding a +4 quarterstaff of chaos
              (10 damage)
             ... on level 3 of the Dungeon.
             The game lasted 00:03:19 (1826 turns).

jtron the Charlatan (Gnoll Wanderer)                Turns: 1826, Time: 00:03:20

Health: -4/38      AC:  4    Str: 12    XL:     4   Next: 49%
Magic:  5/5        EV: 12    Int:  8    God:
Gold:   133        SH:  0    Dex: 16    Spells: 5/5 levels left

rFire   . . .        a - +0 quarterstaff (freeze)
rCold   . . .        (shield currently unavailable)
rNeg    . . .        e - +1 leather armour
rPois   .            (no helmet)
rElec   .            (no cloak)
rCorr   .            (no gloves)
SInv    .            (no boots)
Will    .....        (no amulet)
Stlth   +            (no ring)
HPRegen 0.26/turn    (no ring)
MPRegen 0.09/turn

%: no passive effects
@: confused
A: fangs 1, strong nose, distributed training
a: no special abilities


You were on level 3 of the Dungeon.
You visited 1 branch of the dungeon, and saw 3 of its levels.

You collected 133 gold pieces.

Inventory:

Hand Weapons
 a - a +0 quarterstaff of freezing (weapon)
Missiles
 h - 16 stones (quivered)
 n - 5 boomerangs
Armour
 e - a +1 leather armour (worn)
Jewellery
 l - an amulet of magic regeneration
Scrolls
 c - 3 scrolls of teleportation
 i - a scroll of brand weapon
 j - 2 scrolls of amnesia
Potions
 d - a potion of berserk rage
 f - a potion of lignification {unknown}
 g - 2 potions of heal wounds {unknown}
Miscellaneous
 b - a tin of tremorstones (2/2)


   Skills:
 + Level 4.6 Fighting
 + Level 1.2 Short Blades
 + Level 1.2 Long Blades
 + Level 1.2 Axes
 + Level 1.2 Maces & Flails
 + Level 1.2 Polearms
 + Level 4.6 Staves
 + Level 1.2 Ranged Weapons
 + Level 1.2 Throwing
 + Level 2.8 Armour
 + Level 2.8 Dodging
 + Level 2.6 Stealth
 + Level 1.2 Shields
 + Level 1.2 Unarmed Combat
 + Level 1.2 Spellcasting
 + Level 1.0 Conjurations
 + Level 1.0 Hexes
 + Level 1.0 Summonings
 + Level 1.0 Necromancy
 + Level 1.0 Translocations
 + Level 1.0 Transmutations
 + Level 1.0 Fire Magic
 + Level 1.0 Ice Magic
 + Level 1.0 Air Magic
 + Level 1.0 Earth Magic
 + Level 1.0 Poison Magic
 + Level 1.3 Invocations
 + Level 6.6 Evocations


You had 5 spell levels left.
You didn't know any spells.
Your spell library was empty.

Dungeon Overview and Level Annotations

Branches:
Dungeon (3/15)

Altars:

Annotations:
D:3 Crazy Yiuf


Innate Abilities, Weirdness & Mutations

You have very sharp teeth.
Your uncanny sense of smell can sniff out nearby items.
Your experience applies equally to all skills.


Message History

The giant cockroach bites you.
You hit the giant cockroach. You freeze the giant cockroach.
You kill the giant cockroach!
The adder barely misses you.
You barely miss the adder. The adder bites you but does no damage.
You miss the adder. Your bite misses the adder.
The adder bites you but does no damage. The adder barely misses you.
You hit the adder but do no damage. You bite the adder, but do no damage.
The adder bites you.
You sock the adder! You freeze the adder.
You kill the adder!
Your Conjurations skill increases to level 1!
Your Hexes skill increases to level 1!
Your Summonings skill increases to level 1!
Your Necromancy skill increases to level 1!
Your Translocations skill increases to level 1!
Your Transmutations skill increases to level 1!
Your Fire Magic skill increases to level 1!
Your Ice Magic skill increases to level 1!
Your Air Magic skill increases to level 1!
Your Earth Magic skill increases to level 1!
Your Poison Magic skill increases to level 1!
Found a hammer.
Found a runed translucent door.
Crazy Yiuf shouts!
Okay, then.
You open the door.
Crazy Yiuf screams, "Earwax cloud King!"
Crazy Yiuf drinks a potion.
Crazy Yiuf goes berserk!
There is an open translucent door here.
You barely miss Crazy Yiuf.
Crazy Yiuf hits you with a +4 quarterstaff of chaos!!
Ouch! That really hurt!
You resist with significant effort. Crazy Yiuf misses you.
You sock Crazy Yiuf! You freeze Crazy Yiuf.
Crazy Yiuf is moderately wounded.
Crazy Yiuf hits you with a +4 quarterstaff of chaos!
* * * LOW HITPOINT WARNING * * *
You are confused.
Crazy Yiuf hits you with a +4 quarterstaff of chaos!
You die...

#####
#)..#
#...#
#.g.#
#@#
#.##
##.#
#.##
##.#
##.##
.#
##...#
... ∆
#P..P#
#..
∆..
#....#
#.#
..#


You could see Crazy Yiuf (berserk).

Vanquished Creatures
  3 adders
  A worm (D:2)
  A dart slug (D:1)
  7 bats
  7 endoplasms
  4 giant cockroaches
  4 goblins
  3 hobgoblins
  3 jackals (D:1)
  2 quokkas (D:1)
  4 ball pythons
  6 frilled lizards
  2 kobolds (D:1)
  5 rats
52 creatures vanquished.

Notes
Turn   | Place    | Note
-------+----------+-------------------------------------------
     0 | D:1      | jtron the Gnoll Wanderer began the quest for the Orb.
     0 | D:1      | jtron set off with the following items: a +0 quarterstaff,
                  | a tin of tremorstones (2/2), a scroll of teleportation, a
                  | potion of berserk rage, a +0 leather armour.
     0 | D:1      | Reached XP level 1. HP: 20/20 MP: 1/1
    45 | D:1      | Reached XP level 2. HP: 13/26 MP: 2/2
   348 | D:1      | Reached XP level 3. HP: 31/31 MP: 3/3
   649 | D:1      | Reached skill level 1 in Invocations
   903 | D:2      | Reached skill level 1 in Short Blades
   903 | D:2      | Reached skill level 1 in Long Blades
   903 | D:2      | Reached skill level 1 in Axes
   903 | D:2      | Reached skill level 1 in Maces & Flails
   903 | D:2      | Reached skill level 1 in Polearms
   903 | D:2      | Reached skill level 1 in Ranged Weapons
   903 | D:2      | Reached skill level 1 in Throwing
   903 | D:2      | Reached skill level 1 in Shields
   903 | D:2      | Reached skill level 1 in Unarmed Combat
   903 | D:2      | Reached skill level 1 in Spellcasting
  1327 | D:2      | Reached XP level 4. HP: 29/38 MP: 5/5
  1808 | D:3      | Reached skill level 1 in Conjurations
  1808 | D:3      | Reached skill level 1 in Hexes
  1808 | D:3      | Reached skill level 1 in Summonings
  1808 | D:3      | Reached skill level 1 in Necromancy
  1808 | D:3      | Reached skill level 1 in Translocations
  1808 | D:3      | Reached skill level 1 in Transmutations
  1808 | D:3      | Reached skill level 1 in Fire Magic
  1808 | D:3      | Reached skill level 1 in Ice Magic
  1808 | D:3      | Reached skill level 1 in Air Magic
  1808 | D:3      | Reached skill level 1 in Earth Magic
  1808 | D:3      | Reached skill level 1 in Poison Magic
  1819 | D:3      | Found a runed translucent door.
  1820 | D:3      | Noticed Crazy Yiuf
  1826 | D:3      | Slain by Crazy Yiuf

Illustrated notes

Levels and vault maps discovered:
D:1:      saegor_arrival_simple_c, layout_loops_ring, minmay_misc_feat_rugged
D:2:      layout_loops_corners, grunt_decor_cap
D:3:      layout_basic, nicolae_overflow_hidden_temple,
          overflow_temple_1_default, shapermc_ecumenical_altar_notcrosses,
          minmay_misc_feat_square, dreamdust_princess_corridor,
          uniq_crazy_yiuf_cottage, uniq_natasha

Skill      XL: |  1  2  3  4 |
---------------+-------------+-----
Invocations    | 1 |  1.3
Short Blades   | 1 |  1.2
Long Blades    | 1 |  1.2
Axes           | 1 |  1.2
Maces & Flails | 1 |  1.2
Polearms       | 1 |  1.2
Ranged Weapons | 1 |  1.2
Throwing       | 1 |  1.2
Shields        | 1 |  1.2
Unarmed Combat | 1 |  1.2
Spellcasting   | 1 |  1.2
Conjurations   | 1 |  1.0
Hexes          | 1 |  1.0
Summonings     | 1 |  1.0
Necromancy     | 1 |  1.0
Translocations | 1 |  1.0
Transmutations | 1 |  1.0
Fire Magic     | 1 |  1.0
Ice Magic      | 1 |  1.0
Air Magic      | 1 |  1.0
Earth Magic    | 1 |  1.0
Poison Magic   | 1 |  1.0
Fighting       | |  4.6
Staves         | |  4.6
Armour         | |  2.8
Dodging        | |  2.8
Stealth        | |  2.6
Evocations     | |  6.6

Action                     |  1- 3 |  4- 6 || total
---------------------------+-------+-------++-------
  Melee: Quarterstaff      |   110 |    29 ||   139
         Bite              |     6 |     2 ||     8
  Throw: Stone             |     2 |       ||     2
    Use: Scroll            |       |     5 ||     5
   Stab: Sleeping          |     7 |     2 ||     9
         Distracted        |     1 |       ||     1
 Armour: Leather armour    |    31 |     8 ||    39
  Dodge: Dodged            |    72 |    16 ||    88
